AoeStats
← IN.JOK

Four Lakes

503605385Analyzed
4v4 RM · 1mo ago on Sep 1, 2026· 32m 31s· 8 players
Game mode
Random Map
Map size
Large (8 player)
Population
200
Speed
Normal
Resources
Standard
Victory
Conquest
Starting age
Dark Age
Ending age
Imperial Age
RankedLock teamsTeams togetherTeam positionsShared explorationLock speedFull tech treeHidden civsTurbo modeCheats
Victory
Defeat
🇨🇳 Italians · China
1622
+16
🇨🇳 Persians · China
1598
+17
🇨🇳 Persians · China
1504
+21
🇨🇳 Ethiopians · China
1262
+28
🇨🇳 Khmer · China
1684
-24
🇹🇼 Huns · Taiwan
1626
-22
🇨🇳 Vietnamese · China
1575
-20
🇭🇰 Saracens · Hong Kong SAR China
1567
-19
LiBi
6:01 Loom
8:43 Feudal Age
9:44 Double-Bit Axe
12:54 Fletching
17:36 Padded Archer Armor
25:53 Castle Age
24:38 Gold Mining
26:28 Bodkin Arrow
25:55 Crossbowman
27:36 Leather Archer Armor
30:09 Ballistics
DYS.K
12:06 Feudal Age
13:51 Loom
14:23 Fishing Lines
16:58 Castle Age
15:55 Bloodlines
15:51 Scale Barding Armor
17:09 Forging
17:27 Double-Bit Axe
19:29 Bow Saw
21:27 Iron Casting
24:18 Chain Barding Armor
SAVIOR
6:43 Loom
8:54 Feudal Age
9:37 Double-Bit Axe
16:33 Scale Barding Armor
17:23 Forging
17:48 Bloodlines
17:55 Horse Collar
22:50 Castle Age
22:53 Light Cavalry
23:57 Chain Barding Armor
24:41 Iron Casting
29:03 Husbandry
33:21 Wheelbarrow
MeHawK
6:57 Loom
9:13 Feudal Age
13:12 Fletching
17:31 Padded Archer Armor
18:01 Double-Bit Axe
19:42 Gold Mining
21:18 Wheelbarrow
24:32 Castle Age
mmr
10:14 Feudal Age
10:58 Double-Bit Axe
12:13 Gold Mining
13:05 Padded Archer Armor
13:25 Fletching
14:18 Forging
14:27 Fishing Lines
17:00 Wheelbarrow
20:09 Castle Age
20:13 Crossbowman
20:59 Bodkin Arrow
21:49 Thumb Ring
23:54 Ballistics
24:41 Leather Archer Armor
24:58 Hand Cart
30:43 Imperial Age
31:26 Bracer
31:01 Arbalester
32:52 Chemistry
蛋炒饭
6:25 Loom
8:52 Feudal Age
9:53 Double-Bit Axe
12:19 Fletching
16:24 Padded Archer Armor
23:37 Castle Age
24:10 Town Watch
26:02 Crossbowman
26:50 Bodkin Arrow
chunfeng
9:52 Feudal Age
10:42 Double-Bit Axe
11:04 Loom
13:28 Horse Collar
15:56 Gold Mining
20:53 Castle Age
20:12 Scale Barding Armor
20:17 Forging
21:30 Wheelbarrow
21:36 Bloodlines
21:27 Husbandry
22:01 Chain Barding Armor
23:09 Gold Shaft Mining
31:54 Imperial Age
29:40 Hand Cart
31:38 Cavalier
IN.JOK
9:46 Feudal Age
10:14 Double-Bit Axe
12:34 Forging
12:58 Scale Barding Armor
14:20 Loom
15:48 Fishing Lines
19:55 Castle Age
18:26 Bloodlines
18:30 Horse Collar
18:45 Gold Mining
20:43 Chain Barding Armor
19:49 Light Cavalry
22:27 Husbandry
23:32 Bow Saw
28:00 Iron Casting
31:48 Gillnets
Connection lost

Rejoining the realm…

Still unreachable

The connection could not be restored.

Session expired

The server has moved on; the page needs a fresh start.